[ PARTIDA AOE2 · #496316723 ]
UnrankedVikingos vs Tupi
[ ANÁLISIS DE REPETICIÓN · EXTRAÍDO DE LA PARTIDA GRABADA ]
Feudal
13:46
Castillos
17:28
Imperial
40:47
| APM promedio | 53.9 |
| APM pico | 110 |
| eAPM promedio | 24.7 |
| Aldeanos / militares | 98 / 89 |
Foco
⚔️ 22.4% · 🌾 77.6%
Archer ×66 · Longboat ×20 · Fishing Ship ×9 · Fire Galley ×2 · Monk ×1
Feudal
13:07
Castillos
18:22
Imperial
37:54
| APM promedio | 53.5 |
| APM pico | 106 |
| eAPM promedio | 32.2 |
| Aldeanos / militares | 124 / 338 |
Foco
⚔️ 30.2% · 🌾 69.8%
Huskarl ×142 · Spearman ×103 · Militia ×93 · Fishing Ship ×7
Feudal
13:47
Castillos
21:52
Imperial
—
| APM promedio | 21.9 |
| APM pico | 58 |
| eAPM promedio | 15.2 |
| Aldeanos / militares | 127 / 24 |
Foco
⚔️ 36.2% · 🌾 63.8%
Unknown (2582) ×188 · Fishing Ship ×16 · Fire Galley ×13 · Unknown (2579) ×11 · Spearman ×8 · Demolition Raft ×3
Feudal
12:41
Castillos
20:47
Imperial
40:22
| APM promedio | 26.1 |
| APM pico | 50 |
| eAPM promedio | 15.9 |
| Aldeanos / militares | 95 / 96 |
Foco
⚔️ 28.4% · 🌾 71.6%
Camel Scout ×36 · Knight ×33 · Scout Cavalry ×12 · Galley ×6 · Fishing Ship ×6 · Camel Archer ×4
Feudal
12:31
Castillos
16:58
Imperial
—
| APM promedio | 28.7 |
| APM pico | 62 |
| eAPM promedio | 16.9 |
| Aldeanos / militares | 118 / 63 |
Foco
⚔️ 29.2% · 🌾 70.8%
Camel Scout ×46 · Fishing Ship ×21 · Ghulam ×17
Feudal
16:06
Castillos
23:07
Imperial
30:38
| APM promedio | 25.2 |
| APM pico | 63 |
| eAPM promedio | 12.8 |
| Aldeanos / militares | 78 / 39 |
Foco
⚔️ 21.9% · 🌾 78.1%
Hand Cannoneer ×23 · Bombard Cannon ×14 · Fishing Ship ×2 · Monk ×1 · Scorpion ×1
Mapa de la partida
Recursos iniciales + cada clic de construcción. Líneas = muros · curvas = relieve. ◆ oro · ⬟ piedra · ● bayas · ✦ reliquia · ◌ hueco del cierre
Tu base· Abierta — hueco de 10t
Base de Izuru Alexandros RÆ· Abierta — hueco de 7t
Base de Dexma· Abierta — hueco de 14t
Base de Masterboy· Abierta — hueco de 5t
Base de Wimac· Abierta — hueco de 5t
Base de 富兰克林· Abierta — hueco de 3t
Terreno inicial suavizado · ◌ = hueco del cierre detectado · pasá el cursor para detalles
Inputs por minuto
— Ux' Krupjm - - Izuru Alexandros RÆ
Build order — Ux' Krupjm
Primeras 150 de 288 acciones detectadas
| 0:08 | Construir | Town Center |
| 0:58 | Construir | Dock |
| 1:12 | Construir | House |
| 2:22 | Construir | Palisade Wall |
| 2:33 | Crear | Villager (Male) |
| 2:33 | Crear | Villager (Male) |
| 2:33 | Crear | Villager (Male) |
| 2:34 | Crear | Villager (Male) |
| 4:03 | Investigar | Loom |
| 4:22 | Crear | Villager (Male) |
| 4:22 | Crear | Villager (Male) |
| 4:38 | Construir | House |
| 5:17 | Crear | Fishing Ship |
| 5:17 | Crear | Fishing Ship |
| 5:17 | Crear | Fishing Ship |
| 5:30 | Crear | Villager (Male) |
| 5:30 | Crear | Villager (Male) |
| 5:37 | Construir | House |
| 5:46 | Crear | Villager (Male) |
| 5:46 | Crear | Villager (Male) |
| 6:30 | Crear | Villager (Male) |
| 6:30 | Crear | Villager (Male) |
| 6:53 | Crear | Villager (Male) |
| 6:53 | Crear | Villager (Male) |
| 7:13 | Crear | Villager (Male) |
| 7:13 | Crear | Villager (Male) |
| 7:24 | Construir | House |
| 7:25 | Crear | Villager (Male) |
| 7:27 | Construir | House |
| 8:02 | Construir | House |
| 8:14 | Crear | Villager (Male) |
| 8:22 | Construir | House |
| 8:42 | Crear | Villager (Male) |
| 8:55 | Crear | Fishing Ship |
| 9:32 | Crear | Fishing Ship |
| 9:33 | Crear | Villager (Male) |
| 9:50 | Crear | Villager (Male) |
| 10:08 | Crear | Villager (Male) |
| 10:30 | Construir | Mill |
| 10:32 | Crear | Villager (Male) |
| 10:53 | Crear | Fishing Ship |
| 11:23 | Construir | Mining Camp |
| 11:25 | Investigar | Feudal Age |
| 13:10 | Crear | Villager (Male) |
| 13:46 | Edad | Edad Feudal |
| 13:48 | Construir | Blacksmith |
| 14:14 | Construir | Market |
| 14:26 | Construir | Palisade Gate |
| 14:28 | Construir | Palisade Wall |
| 14:48 | Investigar | Castle Age |
| 15:37 | Construir | Dock |
| 15:45 | Investigar | Fletching |
| 15:58 | Crear | Villager (Male) |
| 16:47 | Construir | Mill |
| 17:28 | Edad | Edad de los Castillos |
| 17:31 | Crear | Longboat |
| 17:31 | Crear | Longboat |
| 17:32 | Crear | Longboat |
| 17:35 | Crear | Longboat |
| 17:36 | Crear | Longboat |
| 17:39 | Construir | House |
| 17:43 | Construir | House |
| 17:52 | Investigar | Bodkin Arrow |
| 18:04 | Crear | Villager (Male) |
| 18:04 | Crear | Villager (Male) |
| 18:16 | Crear | Longboat |
| 19:02 | Crear | Longboat |
| 19:05 | Crear | Longboat |
| 19:05 | Crear | Longboat |
| 19:14 | Crear | Villager (Male) |
| 19:14 | Crear | Villager (Male) |
| 19:51 | Crear | Villager (Male) |
| 20:11 | Crear | Longboat |
| 20:18 | Crear | Villager (Male) |
| 20:39 | Crear | Longboat |
| 20:39 | Crear | Longboat |
| 20:44 | Construir | House |
| 20:52 | Crear | Villager (Male) |
| 20:57 | Construir | University |
| 21:00 | Construir | House |
| 21:18 | Crear | Villager (Male) |
| 21:42 | Crear | Villager (Male) |
| 21:57 | Crear | Fire Galley |
| 21:57 | Crear | Fire Galley |
| 22:08 | Crear | Villager (Male) |
| 22:16 | Crear | Villager (Male) |
| 22:24 | Investigar | Tech 908 |
| 22:58 | Crear | Longboat |
| 22:59 | Crear | Longboat |
| 23:04 | Construir | House |
| 23:05 | Construir | House |
| 23:17 | Construir | House |
| 23:18 | Construir | House |
| 23:31 | Crear | Villager (Male) |
| 23:34 | Investigar | Ballistics |
| 23:34 | Investigar | Ballistics |
| 23:35 | Investigar | Ballistics |
| 23:38 | Crear | Villager (Male) |
| 23:52 | Crear | Villager (Male) |
| 24:02 | Crear | Villager (Male) |
| 24:05 | Crear | Villager (Male) |
| 24:14 | Construir | House |
| 24:27 | Construir | Mill |
| 24:53 | Crear | Villager (Male) |
| 25:10 | Crear | Longboat |
| 25:11 | Crear | Longboat |
| 25:11 | Crear | Longboat |
| 25:11 | Crear | Villager (Male) |
| 25:14 | Construir | House |
| 25:28 | Crear | Villager (Male) |
| 25:36 | Crear | Longboat |
| 25:40 | Crear | Villager (Male) |
| 25:45 | Construir | Town Center |
| 25:50 | Construir | House |
| 26:24 | Construir | House |
| 27:24 | Crear | Villager (Male) |
| 27:43 | Crear | Villager (Male) |
| 27:43 | Crear | Villager (Male) |
| 28:03 | Crear | Villager (Male) |
| 28:03 | Crear | Villager (Male) |
| 28:08 | Crear | Villager (Male) |
| 28:11 | Crear | Villager (Male) |
| 28:11 | Crear | Villager (Male) |
| 28:12 | Crear | Villager (Male) |
| 28:14 | Construir | House |
| 28:15 | Construir | House |
| 28:22 | Crear | Longboat |
| 28:22 | Crear | Longboat |
| 28:53 | Crear | Villager (Male) |
| 29:13 | Crear | Villager (Male) |
| 29:17 | Construir | House |
| 29:34 | Crear | Villager (Male) |
| 29:49 | Construir | House |
| 29:53 | Crear | Villager (Male) |
| 30:20 | Crear | Villager (Male) |
| 30:21 | Crear | Villager (Male) |
| 30:22 | Crear | Villager (Male) |
| 30:27 | Construir | House |
| 30:37 | Crear | Villager (Male) |
| 30:37 | Crear | Villager (Male) |
| 30:42 | Construir | Town Center |
| 30:47 | Crear | Villager (Male) |
| 30:50 | Construir | Barracks |
| 31:00 | Construir | Mining Camp |
| 31:09 | Crear | Villager (Male) |
| 31:26 | Crear | Villager (Male) |
| 31:58 | Construir | Archery Range |
| 32:03 | Crear | Villager (Male) |
| 32:03 | Crear | Villager (Male) |
| 32:12 | Construir | Farm |
Build order — Izuru Alexandros RÆ
Primeras 150 de 348 acciones detectadas
| 0:43 | Construir | Town Center |
| 2:52 | Construir | House |
| 2:53 | Crear | Villager (Male) |
| 2:53 | Crear | Villager (Male) |
| 2:54 | Crear | Villager (Male) |
| 3:03 | Crear | Villager (Male) |
| 3:03 | Crear | Villager (Male) |
| 3:27 | Construir | Dock |
| 4:05 | Crear | Fishing Ship |
| 4:43 | Crear | Villager (Male) |
| 4:43 | Crear | Villager (Male) |
| 5:13 | Construir | House |
| 5:17 | Investigar | Loom |
| 5:19 | Crear | Villager (Male) |
| 5:39 | Crear | Villager (Male) |
| 5:39 | Crear | Villager (Male) |
| 5:58 | Crear | Fishing Ship |
| 5:58 | Crear | Fishing Ship |
| 6:25 | Crear | Villager (Male) |
| 6:27 | Construir | House |
| 6:36 | Crear | Villager (Male) |
| 6:37 | Crear | Villager (Male) |
| 6:43 | Construir | House |
| 7:00 | Crear | Villager (Male) |
| 7:00 | Crear | Villager (Male) |
| 7:05 | Crear | Villager (Male) |
| 7:05 | Crear | Villager (Male) |
| 7:14 | Crear | Fishing Ship |
| 7:17 | Crear | Villager (Male) |
| 7:18 | Crear | Villager (Male) |
| 7:36 | Crear | Villager (Male) |
| 7:59 | Construir | House |
| 8:02 | Crear | Villager (Male) |
| 8:02 | Crear | Villager (Male) |
| 8:11 | Crear | Villager (Male) |
| 8:38 | Crear | Villager (Male) |
| 8:39 | Crear | Villager (Male) |
| 8:39 | Crear | Villager (Male) |
| 8:48 | Crear | Fishing Ship |
| 9:32 | Construir | Mill |
| 9:44 | Crear | Villager (Male) |
| 9:48 | Construir | House |
| 9:56 | Crear | Villager (Male) |
| 10:55 | Construir | Mining Camp |
| 10:56 | Investigar | Feudal Age |
| 11:16 | Construir | Lumber Camp |
| 11:22 | Construir | House |
| 11:36 | Construir | House |
| 11:41 | Construir | Palisade Wall |
| 12:32 | Construir | Palisade Wall |
| 13:07 | Edad | Edad Feudal |
| 13:10 | Crear | Villager (Male) |
| 13:11 | Investigar | Double-Bit Axe |
| 13:22 | Construir | Blacksmith |
| 13:28 | Crear | Villager (Male) |
| 13:37 | Construir | Palisade Wall |
| 13:41 | Crear | Villager (Male) |
| 14:03 | Construir | Market |
| 14:18 | Crear | Villager (Male) |
| 14:43 | Construir | House |
| 14:46 | Construir | Palisade Wall |
| 14:52 | Crear | Villager (Male) |
| 15:04 | Crear | Villager (Male) |
| 15:27 | Investigar | Castle Age |
| 15:43 | Investigar | Stone Mining |
| 15:48 | Construir | Palisade Wall |
| 17:07 | Investigar | Gold Mining |
| 17:10 | Investigar | Horse Collar |
| 17:13 | Construir | House |
| 17:14 | Construir | House |
| 17:17 | Construir | House |
| 18:17 | Construir | Palisade Wall |
| 18:22 | Edad | Edad de los Castillos |
| 18:31 | Construir | Town Center |
| 18:54 | Investigar | Wheelbarrow |
| 19:21 | Construir | Palisade Wall |
| 19:45 | Construir | House |
| 19:46 | Construir | House |
| 19:54 | Construir | Town Center |
| 20:07 | Construir | Palisade Wall |
| 20:14 | Construir | Palisade Wall |
| 20:16 | Crear | Villager (Male) |
| 20:16 | Crear | Villager (Male) |
| 20:18 | Crear | Villager (Male) |
| 20:39 | Crear | Villager (Male) |
| 20:40 | Crear | Villager (Male) |
| 20:50 | Crear | Villager (Male) |
| 20:52 | Crear | Fishing Ship |
| 20:57 | Construir | Farm |
| 20:58 | Construir | Farm |
| 21:06 | Construir | House |
| 21:08 | Construir | House |
| 21:15 | Crear | Fishing Ship |
| 21:32 | Crear | Villager (Male) |
| 21:42 | Construir | Castle |
| 21:52 | Crear | Villager (Male) |
| 21:56 | Crear | Villager (Male) |
| 22:01 | Crear | Villager (Male) |
| 22:04 | Crear | Villager (Male) |
| 22:41 | Construir | Farm |
| 22:45 | Crear | Villager (Male) |
| 22:49 | Investigar | Hand Cart |
| 23:03 | Construir | Town Center |
| 23:05 | Crear | Villager (Male) |
| 23:08 | Construir | House |
| 23:09 | Construir | House |
| 23:24 | Crear | Villager (Male) |
| 23:36 | Construir | Palisade Gate |
| 23:41 | Construir | Farm |
| 23:42 | Construir | Farm |
| 23:43 | Construir | Farm |
| 23:49 | Construir | Mill |
| 23:53 | Crear | Villager (Male) ×4 |
| 24:22 | Construir | House |
| 24:26 | Construir | Farm |
| 24:27 | Crear | Villager (Male) |
| 24:41 | Crear | Villager (Male) |
| 24:42 | Crear | Villager (Male) |
| 24:43 | Crear | Villager (Male) |
| 24:48 | Construir | Mill |
| 24:49 | Crear | Villager (Male) |
| 25:05 | Construir | Barracks |
| 25:09 | Crear | Villager (Male) ×2 |
| 25:09 | Crear | Villager (Male) ×2 |
| 25:20 | Crear | Villager (Male) ×3 |
| 25:34 | Crear | Huskarl |
| 25:35 | Crear | Huskarl |
| 25:38 | Construir | Lumber Camp |
| 25:41 | Construir | Farm |
| 25:58 | Investigar | Forging |
| 26:14 | Crear | Villager (Male) |
| 26:22 | Crear | Villager (Male) ×5 |
| 26:24 | Crear | Huskarl |
| 26:25 | Crear | Huskarl |
| 26:32 | Investigar | Scale Mail Armor |
| 26:41 | Crear | Huskarl |
| 26:45 | Crear | Villager (Male) ×2 |
| 26:46 | Crear | Villager (Male) ×2 |
| 26:54 | Crear | Huskarl |
| 26:57 | Construir | Mill |
| 27:10 | Investigar | Pikeman (upgrade) |
| 27:14 | Construir | Barracks |
| 27:17 | Construir | Farm |
| 27:17 | Construir | Farm |
| 27:17 | Construir | Farm |
| 27:17 | Construir | Farm |
| 27:18 | Construir | Farm |
| 27:18 | Construir | Farm |
| 27:44 | Crear | Spearman |
| 27:45 | Crear | Huskarl |
Build order — Dexma
Primeras 150 de 364 acciones detectadas
| 0:17 | Construir | Town Center |
| 1:32 | Construir | House |
| 1:43 | Construir | Palisade Wall |
| 1:45 | Construir | Palisade Wall |
| 1:47 | Construir | Palisade Wall |
| 2:22 | Construir | Dock |
| 2:56 | Crear | Villager (Male) |
| 2:57 | Crear | Villager (Male) |
| 2:57 | Crear | Villager (Male) |
| 2:57 | Crear | Villager (Male) |
| 2:57 | Crear | Villager (Male) |
| 2:58 | Crear | Villager (Male) |
| 2:59 | Investigar | Loom |
| 4:01 | Crear | Fishing Ship |
| 4:01 | Crear | Fishing Ship |
| 4:30 | Crear | Villager (Male) |
| 4:31 | Investigar | Loom |
| 5:30 | Crear | Fishing Ship |
| 5:30 | Crear | Fishing Ship |
| 5:52 | Crear | Villager (Male) |
| 5:52 | Crear | Villager (Male) |
| 5:58 | Construir | House |
| 6:07 | Construir | House |
| 6:09 | Construir | House |
| 6:12 | Construir | Palisade Wall |
| 6:45 | Crear | Villager (Male) |
| 6:45 | Crear | Villager (Male) |
| 6:45 | Crear | Villager (Male) |
| 6:46 | Crear | Villager (Male) |
| 6:53 | Crear | Villager (Male) |
| 7:36 | Crear | Villager (Male) |
| 7:42 | Crear | Villager (Male) |
| 7:43 | Crear | Villager (Male) |
| 7:43 | Crear | Villager (Male) |
| 7:43 | Crear | Villager (Male) |
| 8:08 | Crear | Fishing Ship |
| 8:49 | Crear | Fishing Ship |
| 8:53 | Crear | Villager (Male) |
| 8:53 | Crear | Villager (Male) |
| 8:54 | Crear | Villager (Male) |
| 9:00 | Crear | Fishing Ship |
| 10:14 | Construir | Settlement |
| 10:40 | Construir | House |
| 10:42 | Construir | House |
| 10:47 | Crear | Fishing Ship |
| 10:47 | Crear | Fishing Ship |
| 10:48 | Crear | Fishing Ship |
| 11:37 | Investigar | Feudal Age |
| 12:25 | Construir | Settlement |
| 13:00 | Construir | Dock |
| 13:07 | Crear | Villager (Male) |
| 13:08 | Crear | Villager (Male) |
| 13:25 | Construir | Settlement |
| 13:43 | Crear | Villager (Male) |
| 13:44 | Crear | Villager (Male) |
| 13:47 | Edad | Edad Feudal |
| 14:00 | Crear | Unit 2626 |
| 14:04 | Crear | Fire Galley |
| 14:05 | Investigar | Tech 906 |
| 14:24 | Investigar | Tech 906 |
| 14:54 | Investigar | Double-Bit Axe |
| 15:02 | Investigar | Gold Mining |
| 15:07 | Crear | Villager (Male) |
| 15:07 | Crear | Villager (Male) |
| 15:09 | Crear | Villager (Male) |
| 15:10 | Crear | Villager (Male) |
| 15:10 | Crear | Villager (Male) |
| 15:14 | Crear | Villager (Male) |
| 15:31 | Crear | Fire Galley |
| 15:33 | Crear | Fire Galley |
| 15:44 | Crear | Fishing Ship |
| 16:01 | Crear | Fishing Ship |
| 16:05 | Construir | House |
| 17:14 | Construir | Market |
| 17:19 | Construir | Blacksmith |
| 17:30 | Crear | Fire Galley |
| 17:53 | Investigar | Wheelbarrow |
| 18:01 | Crear | Fire Galley |
| 18:04 | Crear | Fire Galley |
| 18:21 | Crear | Fire Galley |
| 18:50 | Construir | Gate |
| 18:56 | Construir | Stone Wall |
| 19:06 | Investigar | Castle Age |
| 19:19 | Crear | Fishing Ship |
| 19:20 | Crear | Fire Galley |
| 19:47 | Construir | Dock |
| 19:56 | Crear | Fire Galley |
| 20:19 | Investigar | Stone Mining |
| 20:56 | Crear | Fire Galley |
| 20:56 | Crear | Fire Galley |
| 21:09 | Crear | Fire Galley |
| 21:09 | Crear | Fire Galley |
| 21:32 | Investigar | Fletching |
| 21:45 | Construir | Barracks |
| 21:52 | Edad | Edad de los Castillos |
| 21:56 | Construir | Barracks |
| 22:04 | Investigar | Scale Mail Armor |
| 22:04 | Investigar | Forging |
| 22:16 | Investigar | War Galley (upgrade) |
| 22:53 | Investigar | Gillnets |
| 22:56 | Crear | Fishing Ship |
| 23:05 | Crear | Unit 2582 |
| 23:06 | Crear | Unit 2582 |
| 23:12 | Construir | House |
| 23:13 | Construir | House |
| 23:15 | Construir | House |
| 23:17 | Construir | House |
| 23:27 | Construir | Castle |
| 23:33 | Investigar | Chain Mail Armor |
| 23:37 | Investigar | Squires |
| 23:55 | Construir | Barracks |
| 23:59 | Crear | Unit 2582 |
| 24:00 | Crear | Unit 2582 |
| 24:03 | Crear | Unit 2582 |
| 24:30 | Crear | Unit 2582 |
| 24:31 | Crear | Unit 2582 |
| 24:39 | Construir | Barracks |
| 24:41 | Crear | Villager (Male) |
| 24:41 | Crear | Villager (Male) |
| 24:42 | Crear | Villager (Male) |
| 24:42 | Crear | Villager (Male) |
| 24:42 | Crear | Villager (Male) |
| 24:56 | Investigar | Arson |
| 24:58 | Crear | Unit 2582 |
| 24:58 | Crear | Unit 2582 |
| 25:13 | Crear | Demolition Raft |
| 25:14 | Crear | Demolition Raft |
| 25:43 | Crear | Demolition Raft |
| 25:54 | Investigar | Bow Saw |
| 26:12 | Crear | Unit 2579 |
| 26:12 | Crear | Unit 2579 |
| 26:13 | Crear | Unit 2579 |
| 26:16 | Construir | Archery Range |
| 26:29 | Crear | Fishing Ship |
| 26:29 | Crear | Fishing Ship |
| 26:50 | Crear | Villager (Male) |
| 26:50 | Crear | Villager (Male) |
| 26:50 | Crear | Villager (Male) |
| 26:50 | Crear | Villager (Male) |
| 27:12 | Crear | Villager (Male) |
| 27:12 | Crear | Villager (Male) |
| 27:12 | Crear | Villager (Male) |
| 27:27 | Crear | Unit 2579 |
| 27:27 | Crear | Unit 2579 |
| 27:27 | Crear | Unit 2579 |
| 27:28 | Crear | Unit 2579 |
| 27:38 | Crear | Villager (Male) |
| 27:38 | Crear | Villager (Male) |
| 27:43 | Construir | Town Center |
| 27:57 | Construir | Town Center |
Build order — Masterboy
Primeras 150 de 317 acciones detectadas
| 0:27 | Construir | Town Center |
| 1:05 | Construir | Dock |
| 1:07 | Construir | House |
| 2:54 | Crear | Villager (Male) |
| 2:54 | Crear | Villager (Male) |
| 2:55 | Crear | Villager (Male) |
| 2:55 | Crear | Villager (Male) |
| 4:20 | Construir | House |
| 4:24 | Crear | Villager (Male) |
| 5:01 | Crear | Fishing Ship |
| 5:01 | Crear | Fishing Ship |
| 5:18 | Crear | Fishing Ship |
| 5:35 | Investigar | Loom |
| 5:36 | Crear | Villager (Male) |
| 6:13 | Crear | Fishing Ship |
| 6:31 | Crear | Villager (Male) |
| 6:35 | Construir | House |
| 7:13 | Crear | Villager (Male) |
| 7:13 | Crear | Villager (Male) |
| 7:28 | Crear | Fishing Ship |
| 7:36 | Crear | Villager (Male) |
| 7:48 | Crear | Villager (Male) |
| 7:52 | Crear | Fishing Ship |
| 8:10 | Crear | Villager (Male) |
| 8:35 | Construir | Lumber Camp |
| 8:41 | Crear | Villager (Male) |
| 9:05 | Crear | Villager (Male) |
| 9:15 | Construir | House |
| 9:51 | Crear | Villager (Male) |
| 10:29 | Construir | Mill |
| 10:31 | Investigar | Feudal Age |
| 10:42 | Construir | Mining Camp |
| 10:47 | Crear | Villager (Male) |
| 10:48 | Crear | Villager (Male) |
| 10:52 | Construir | House |
| 12:29 | Crear | Villager (Male) |
| 12:41 | Edad | Edad Feudal |
| 12:42 | Construir | House |
| 12:48 | Crear | Transport Ship |
| 12:51 | Crear | Galley |
| 13:00 | Crear | Galley |
| 13:03 | Crear | Villager (Male) |
| 13:07 | Investigar | Double-Bit Axe |
| 13:58 | Crear | Galley |
| 14:16 | Crear | Villager (Male) |
| 14:16 | Crear | Villager (Male) |
| 14:29 | Crear | Villager (Male) |
| 15:03 | Crear | Fire Galley |
| 15:03 | Crear | Fire Galley |
| 15:04 | Crear | Villager (Male) |
| 15:57 | Construir | Market |
| 16:00 | Construir | Blacksmith |
| 16:02 | Crear | Villager (Male) |
| 16:02 | Crear | Villager (Male) |
| 16:29 | Investigar | Wheelbarrow |
| 17:23 | Crear | Villager (Male) |
| 17:29 | Construir | House |
| 17:29 | Construir | House |
| 17:38 | Construir | Farm |
| 17:41 | Construir | Farm |
| 17:41 | Construir | Farm |
| 17:54 | Crear | Villager (Male) |
| 18:01 | Investigar | Castle Age |
| 18:08 | Construir | Farm |
| 18:08 | Construir | Farm |
| 18:09 | Construir | Farm |
| 18:28 | Crear | Villager (Male) |
| 18:38 | Crear | Galley |
| 18:38 | Crear | Galley |
| 18:54 | Crear | Galley |
| 19:41 | Construir | Farm |
| 19:54 | Crear | Villager (Male) |
| 20:20 | Investigar | Gold Mining |
| 20:47 | Edad | Edad de los Castillos |
| 20:49 | Construir | Town Center |
| 21:04 | Investigar | Bow Saw |
| 21:04 | Investigar | Bow Saw |
| 21:06 | Crear | Villager (Male) |
| 21:58 | Crear | Villager (Male) |
| 22:01 | Crear | Villager (Male) |
| 22:19 | Crear | Villager (Male) |
| 22:19 | Crear | Villager (Male) |
| 22:23 | Construir | Barracks |
| 22:24 | Investigar | Gold Shaft Mining |
| 22:33 | Crear | Villager (Male) |
| 22:34 | Crear | Villager (Male) |
| 22:40 | Investigar | Horse Collar |
| 22:54 | Construir | Farm |
| 22:59 | Investigar | Scale Barding Armor |
| 23:14 | Crear | Villager (Male) |
| 23:14 | Crear | Villager (Male) |
| 23:18 | Construir | Farm |
| 23:21 | Construir | Monastery |
| 23:27 | Construir | Stable |
| 23:32 | Crear | Villager (Male) |
| 23:42 | Investigar | Forging |
| 23:46 | Construir | Stable |
| 23:54 | Construir | Farm |
| 23:57 | Construir | Farm |
| 23:57 | Construir | Farm |
| 23:58 | Construir | Farm |
| 24:04 | Construir | House |
| 24:08 | Construir | Farm |
| 24:10 | Construir | House |
| 24:12 | Construir | House |
| 24:15 | Crear | Knight |
| 24:15 | Crear | Knight |
| 24:22 | Crear | Villager (Male) |
| 24:22 | Crear | Villager (Male) |
| 24:38 | Construir | Stone Wall |
| 24:47 | Investigar | Iron Casting |
| 24:59 | Construir | Farm |
| 25:02 | Crear | Knight |
| 25:17 | Crear | Villager (Male) |
| 25:21 | Construir | Farm |
| 25:27 | Construir | Farm |
| 25:43 | Construir | Mining Camp |
| 25:45 | Investigar | Stone Mining |
| 25:48 | Crear | Knight |
| 25:48 | Crear | Knight |
| 25:57 | Crear | Villager (Male) |
| 25:57 | Crear | Villager (Male) |
| 26:04 | Construir | Farm |
| 26:04 | Construir | Farm |
| 26:04 | Construir | Farm |
| 26:06 | Construir | Farm |
| 26:11 | Crear | Villager (Male) |
| 26:12 | Crear | Villager (Male) |
| 26:29 | Crear | Knight |
| 26:29 | Crear | Knight |
| 26:48 | Crear | Villager (Male) |
| 26:48 | Crear | Villager (Male) |
| 27:03 | Crear | Monk |
| 27:25 | Crear | Knight |
| 27:25 | Crear | Knight |
| 27:25 | Crear | Villager (Male) |
| 27:26 | Crear | Villager (Male) |
| 27:52 | Crear | Villager (Male) |
| 27:52 | Crear | Villager (Male) |
| 28:08 | Crear | Knight |
| 28:08 | Crear | Knight |
| 28:13 | Construir | Stable |
| 28:15 | Construir | Stable |
| 28:36 | Crear | Villager (Male) |
| 28:36 | Crear | Villager (Male) |
| 28:47 | Construir | Town Center |
| 28:56 | Crear | Knight |
| 28:56 | Crear | Knight |
| 28:57 | Crear | Villager (Male) |
| 28:57 | Crear | Villager (Male) |
Build order — Wimac
Primeras 150 de 367 acciones detectadas
| 0:07 | Construir | Town Center |
| 0:45 | Construir | House |
| 1:27 | Construir | Dock |
| 2:25 | Crear | Villager (Male) |
| 2:26 | Crear | Villager (Male) |
| 2:27 | Crear | Villager (Male) |
| 2:28 | Crear | Villager (Male) |
| 3:17 | Crear | Villager (Male) |
| 3:25 | Crear | Fishing Ship |
| 3:25 | Crear | Fishing Ship |
| 3:54 | Construir | House |
| 4:26 | Crear | Villager (Male) |
| 5:06 | Crear | Villager (Male) |
| 5:37 | Crear | Villager (Male) |
| 5:38 | Crear | Villager (Male) |
| 5:40 | Crear | Fishing Ship |
| 5:41 | Crear | Fishing Ship |
| 6:14 | Crear | Fishing Ship |
| 6:37 | Construir | House |
| 6:41 | Crear | Villager (Male) |
| 6:46 | Investigar | Loom |
| 6:56 | Crear | Villager (Male) |
| 7:11 | Crear | Villager (Male) |
| 7:21 | Construir | House |
| 7:24 | Crear | Villager (Male) |
| 8:03 | Crear | Villager (Male) |
| 8:51 | Crear | Villager (Male) |
| 9:19 | Crear | Villager (Male) |
| 9:40 | Construir | Mining Camp |
| 9:50 | Construir | Mill |
| 9:56 | Crear | Villager (Male) |
| 10:04 | Construir | Mining Camp |
| 10:21 | Investigar | Feudal Age |
| 10:21 | Investigar | Feudal Age |
| 10:55 | Construir | House |
| 11:30 | Construir | Farm |
| 11:33 | Construir | Farm |
| 12:28 | Crear | Villager (Male) |
| 12:30 | Crear | Villager (Male) |
| 12:31 | Edad | Edad Feudal |
| 12:38 | Construir | Market |
| 13:17 | Construir | Blacksmith |
| 13:30 | Crear | Villager (Male) |
| 14:18 | Investigar | Castle Age |
| 14:18 | Investigar | Castle Age |
| 15:45 | Crear | Villager (Male) |
| 16:34 | Construir | Outpost |
| 16:41 | Construir | House |
| 16:45 | Investigar | Town Watch |
| 16:56 | Crear | Villager (Male) |
| 16:58 | Edad | Edad de los Castillos |
| 17:12 | Construir | Outpost |
| 17:14 | Crear | Villager (Male) |
| 17:35 | Construir | House |
| 17:36 | Crear | Villager (Male) |
| 18:01 | Crear | Villager (Male) |
| 18:02 | Crear | Villager (Male) |
| 18:57 | Construir | Castle |
| 19:20 | Crear | Villager (Male) |
| 19:29 | Construir | House |
| 19:30 | Crear | Villager (Male) |
| 19:50 | Crear | Ghulam |
| 19:51 | Crear | Ghulam |
| 19:51 | Crear | Ghulam |
| 19:51 | Crear | Ghulam |
| 20:00 | Construir | Mill |
| 20:15 | Crear | Ghulam |
| 20:27 | Crear | Villager (Male) |
| 20:33 | Crear | Ghulam |
| 20:44 | Crear | Villager (Male) |
| 20:48 | Construir | Farm |
| 20:48 | Construir | Farm |
| 20:48 | Construir | Farm |
| 20:48 | Construir | Farm |
| 20:48 | Construir | Farm |
| 20:57 | Crear | Ghulam |
| 20:57 | Crear | Ghulam |
| 21:02 | Crear | Villager (Male) |
| 21:08 | Crear | Villager (Male) |
| 21:39 | Crear | Ghulam |
| 21:39 | Crear | Ghulam |
| 21:40 | Crear | Ghulam |
| 21:56 | Crear | Ghulam |
| 21:57 | Crear | Ghulam |
| 21:57 | Crear | Ghulam |
| 22:07 | Crear | Villager (Male) |
| 22:09 | Construir | Farm |
| 22:58 | Crear | Ghulam |
| 22:58 | Crear | Ghulam |
| 22:59 | Crear | Ghulam |
| 22:59 | Crear | Villager (Male) |
| 23:03 | Construir | Farm |
| 23:04 | Construir | Farm |
| 23:04 | Construir | Farm |
| 23:04 | Construir | Farm |
| 23:04 | Construir | Farm |
| 23:26 | Crear | Villager (Male) |
| 23:29 | Construir | House |
| 23:31 | Construir | House |
| 24:18 | Crear | Villager (Male) |
| 24:38 | Crear | Villager (Male) |
| 25:14 | Crear | Villager (Male) |
| 25:16 | Crear | Villager (Male) |
| 25:31 | Crear | Villager (Male) |
| 25:42 | Crear | Villager (Male) |
| 25:45 | Construir | Town Center |
| 25:49 | Crear | Villager (Male) |
| 26:06 | Crear | Villager (Male) |
| 26:28 | Crear | Villager (Male) |
| 26:42 | Construir | Barracks |
| 27:25 | Crear | Villager (Male) |
| 27:27 | Crear | Villager (Male) |
| 27:39 | Construir | Stable |
| 27:56 | Construir | Farm |
| 27:56 | Construir | Farm |
| 27:56 | Construir | Farm |
| 27:56 | Construir | Farm |
| 27:57 | Construir | Farm |
| 27:57 | Construir | Farm |
| 27:57 | Construir | Farm |
| 27:57 | Construir | Farm |
| 28:09 | Crear | Camel Scout |
| 28:10 | Crear | Camel Scout |
| 28:12 | Construir | Farm |
| 28:12 | Construir | Farm |
| 28:13 | Construir | Farm |
| 28:13 | Construir | Farm |
| 28:13 | Construir | Farm |
| 28:13 | Construir | Farm |
| 28:49 | Crear | Villager (Male) |
| 28:50 | Crear | Villager (Male) |
| 29:05 | Crear | Camel Scout |
| 29:28 | Crear | Camel Scout |
| 29:47 | Construir | Lumber Camp |
| 29:52 | Construir | Stable |
| 30:09 | Crear | Camel Scout |
| 30:13 | Crear | Villager (Male) |
| 30:13 | Crear | Villager (Male) |
| 30:24 | Crear | Villager (Male) |
| 30:24 | Crear | Villager (Male) |
| 30:24 | Crear | Villager (Male) |
| 30:24 | Crear | Villager (Male) |
| 30:24 | Crear | Villager (Male) |
| 30:52 | Construir | Stable |
| 32:02 | Construir | Town Center |
| 32:06 | Construir | Dock |
| 32:31 | Crear | Camel Scout |
| 32:37 | Crear | Villager (Male) |
| 32:38 | Crear | Villager (Male) |
| 32:38 | Crear | Villager (Male) |
Build order — 富兰克林
Primeras 150 de 221 acciones detectadas
| 0:18 | Construir | Dock |
| 0:53 | Construir | Town Center |
| 1:14 | Construir | House |
| 3:02 | Crear | Villager (Male) |
| 3:02 | Crear | Villager (Male) |
| 3:02 | Crear | Villager (Male) |
| 3:03 | Crear | Villager (Male) |
| 3:03 | Crear | Villager (Male) |
| 3:03 | Crear | Villager (Male) |
| 3:48 | Crear | Villager (Male) |
| 4:44 | Crear | Villager (Male) |
| 4:44 | Crear | Villager (Male) |
| 4:44 | Crear | Villager (Male) |
| 4:56 | Construir | House |
| 5:01 | Crear | Villager (Male) |
| 5:01 | Crear | Villager (Male) |
| 5:01 | Crear | Villager (Male) |
| 6:00 | Crear | Villager (Male) |
| 6:00 | Crear | Villager (Male) |
| 6:00 | Crear | Villager (Male) |
| 6:01 | Crear | Villager (Male) |
| 6:01 | Crear | Villager (Male) |
| 6:39 | Construir | House |
| 6:51 | Construir | House |
| 7:05 | Construir | House |
| 7:14 | Crear | Villager (Male) |
| 7:15 | Crear | Villager (Male) |
| 7:15 | Crear | Villager (Male) |
| 7:46 | Construir | Lumber Camp |
| 8:06 | Investigar | Loom |
| 8:06 | Investigar | Loom |
| 8:07 | Crear | Villager (Male) |
| 8:07 | Crear | Villager (Male) |
| 8:07 | Crear | Villager (Male) |
| 8:09 | Construir | House |
| 8:31 | Crear | Villager (Male) |
| 8:31 | Crear | Villager (Male) |
| 8:31 | Crear | Villager (Male) |
| 8:34 | Construir | House |
| 9:13 | Crear | Fishing Ship |
| 9:13 | Crear | Fishing Ship |
| 9:40 | Crear | Villager (Male) |
| 9:40 | Crear | Villager (Male) |
| 10:21 | Construir | Mill |
| 10:33 | Crear | Villager (Male) |
| 10:56 | Crear | Villager (Male) |
| 10:56 | Crear | Villager (Male) |
| 10:56 | Crear | Villager (Male) |
| 11:12 | Construir | House |
| 11:29 | Construir | House |
| 11:33 | Crear | Villager (Male) |
| 11:47 | Construir | Palisade Gate |
| 11:48 | Construir | House |
| 11:56 | Construir | Mill |
| 12:01 | Crear | Villager (Male) |
| 12:03 | Construir | Farm |
| 12:04 | Construir | Farm |
| 12:04 | Construir | Farm |
| 12:04 | Construir | Farm |
| 12:04 | Construir | Farm |
| 12:05 | Construir | Farm |
| 12:41 | Construir | Palisade Wall |
| 12:47 | Crear | Villager (Male) |
| 12:52 | Construir | Farm |
| 12:52 | Construir | Farm |
| 12:52 | Construir | Farm |
| 12:56 | Crear | Villager (Male) |
| 13:19 | Construir | Farm |
| 13:33 | Investigar | Feudal Age |
| 13:50 | Construir | Mining Camp |
| 15:07 | Construir | House |
| 15:24 | Construir | House |
| 15:27 | Construir | Farm |
| 15:35 | Crear | Villager (Male) |
| 15:35 | Crear | Villager (Male) |
| 16:06 | Edad | Edad Feudal |
| 16:21 | Construir | Blacksmith |
| 16:32 | Construir | Palisade Wall |
| 16:35 | Crear | Villager (Male) |
| 16:35 | Crear | Villager (Male) |
| 17:14 | Investigar | Double-Bit Axe |
| 17:14 | Investigar | Double-Bit Axe |
| 17:17 | Crear | Villager (Male) |
| 17:28 | Construir | House |
| 17:39 | Crear | Villager (Male) |
| 17:44 | Construir | House |
| 17:46 | Construir | Palisade Wall |
| 18:07 | Crear | Villager (Male) |
| 18:08 | Crear | Villager (Male) |
| 18:32 | Construir | Watch Tower |
| 18:35 | Construir | Palisade Wall |
| 18:43 | Construir | Palisade Wall |
| 18:47 | Construir | Palisade Wall |
| 19:27 | Crear | Villager (Male) |
| 19:46 | Construir | Market |
| 20:02 | Crear | Villager (Male) |
| 20:22 | Construir | Mill |
| 20:24 | Investigar | Castle Age |
| 20:47 | Investigar | Gold Mining |
| 21:21 | Construir | Gate |
| 21:48 | Construir | House |
| 22:44 | Crear | Villager (Male) |
| 23:07 | Edad | Edad de los Castillos |
| 23:31 | Construir | Siege Workshop |
| 23:51 | Crear | Villager (Male) |
| 24:38 | Construir | Town Center |
| 25:18 | Construir | Mining Camp |
| 25:24 | Crear | Villager (Male) |
| 25:24 | Crear | Villager (Male) |
| 25:59 | Crear | Villager (Male) |
| 26:55 | Construir | Monastery |
| 27:01 | Crear | Villager (Male) |
| 27:29 | Investigar | Imperial Age |
| 27:29 | Investigar | Imperial Age |
| 27:45 | Investigar | Horse Collar |
| 27:45 | Investigar | Horse Collar |
| 28:04 | Crear | Monk |
| 28:23 | Construir | Barracks |
| 28:34 | Crear | Villager (Male) |
| 29:01 | Investigar | Gold Shaft Mining |
| 29:47 | Crear | Villager (Male) |
| 30:24 | Construir | Archery Range |
| 30:38 | Edad | Edad Imperial |
| 30:42 | Crear | Bombard Cannon |
| 30:42 | Crear | Bombard Cannon |
| 30:42 | Crear | Bombard Cannon |
| 31:03 | Investigar | Fletching |
| 31:07 | Crear | Villager (Male) |
| 31:19 | Crear | Villager (Male) |
| 31:26 | Crear | Bombard Cannon |
| 32:13 | Crear | Bombard Cannon |
| 32:30 | Crear | Villager (Male) |
| 32:31 | Crear | Villager (Male) |
| 32:31 | Crear | Villager (Male) |
| 32:53 | Crear | Bombard Cannon |
| 33:15 | Crear | Villager (Male) |
| 33:20 | Crear | Villager (Male) |
| 33:46 | Crear | Scorpion |
| 33:47 | Crear | Bombard Cannon |
| 33:50 | Crear | Bombard Cannon |
| 34:15 | Crear | Villager (Male) |
| 34:15 | Crear | Villager (Male) |
| 34:50 | Crear | Villager (Male) |
| 34:52 | Crear | Bombard Cannon |
| 35:25 | Construir | Farm |
| 35:25 | Construir | Farm |
| 35:36 | Crear | Hand Cannoneer |
| 35:40 | Construir | House |
| 35:41 | Construir | House |
| 35:42 | Construir | House |
Cronología de la partida
| 0:18 | 富兰克林 · first_building Dock |
| 0:58 | Ux' Krupjm · first_building Dock |
| 1:05 | Masterboy · first_building Dock |
| 1:27 | Wimac · first_building Dock |
| 1:43 | Dexma · wall_segment Palisade Wall x1 |
| 1:45 | Dexma · wall_segment Palisade Wall x1 |
| 1:47 | Dexma · wall_segment Palisade Wall x1 |
| 2:22 | Ux' Krupjm · wall_segment Palisade Wall x1 |
| 2:22 | Dexma · first_building Dock |
| 3:27 | Izuru Alexandros RÆ · first_building Dock |
| 6:12 | Dexma · wall_segment Palisade Wall x2 |
| 11:41 | Izuru Alexandros RÆ · wall_segment Palisade Wall x5 |
| 12:31 | Wimac · age_up feudal |
| 12:32 | Izuru Alexandros RÆ · wall_segment Palisade Wall x4 |
| 12:41 | 富兰克林 · wall_segment Palisade Wall x8 |
| 12:41 | Masterboy · age_up feudal |
| 13:07 | Izuru Alexandros RÆ · age_up feudal |
| 13:37 | Izuru Alexandros RÆ · wall_segment Palisade Wall x7 |
| 13:46 | Ux' Krupjm · age_up feudal |
| 13:47 | Dexma · age_up feudal |
| 14:28 | Ux' Krupjm · wall_segment Palisade Wall x3 |
| 14:46 | Izuru Alexandros RÆ · wall_segment Palisade Wall x1 |
| 15:18 | Izuru Alexandros RÆ · first_market_sell 100 wood |
| 15:48 | Izuru Alexandros RÆ · wall_segment Palisade Wall x8 |
| 16:06 | 富兰克林 · age_up feudal |
| 16:32 | 富兰克林 · wall_segment Palisade Wall x10 |
| 16:58 | Wimac · age_up castle |
| 17:28 | Ux' Krupjm · age_up castle |
| 17:46 | 富兰克林 · wall_segment Palisade Wall x1 |
| 17:50 | Ux' Krupjm · first_market_sell 100 food |
| 18:17 | Izuru Alexandros RÆ · wall_segment Palisade Wall x3 |
| 18:22 | Izuru Alexandros RÆ · age_up castle |
| 18:35 | 富兰克林 · wall_segment Palisade Wall x1 |
| 18:43 | 富兰克林 · wall_segment Palisade Wall x1 |
| 18:47 | 富兰克林 · wall_segment Palisade Wall x1 |
| 18:56 | Dexma · wall_segment Stone Wall x5 |
| 18:57 | Wimac · first_building Castle |
| 19:05 | Dexma · first_market_buy 100 food |
| 19:21 | Izuru Alexandros RÆ · wall_segment Palisade Wall x3 |
| 20:07 | Izuru Alexandros RÆ · wall_segment Palisade Wall x3 |
| 20:14 | Izuru Alexandros RÆ · wall_segment Palisade Wall x2 |
| 20:47 | Masterboy · age_up castle |
| 21:42 | Izuru Alexandros RÆ · first_building Castle |
| 21:45 | Dexma · first_building Barracks |
| 21:52 | Dexma · age_up castle |
| 22:23 | Masterboy · first_building Barracks |
| 23:07 | 富兰克林 · age_up castle |
| 23:21 | Masterboy · first_building Monastery |
| 23:27 | Masterboy · first_building Stable |
| 23:27 | Dexma · first_building Castle |
| 23:31 | 富兰克林 · first_building Siege Workshop |
| 24:10 | 富兰克林 · first_market_buy 100 wood |
| 24:28 | Masterboy · tribute_sent a jugador 1 |
| 24:28 | Masterboy · tribute_sent a jugador 2 |
| 24:28 | Masterboy · tribute_sent a jugador 3 |
| 24:28 | Masterboy · tribute_sent a jugador 5 |
| 24:28 | Masterboy · tribute_sent a jugador 6 |
| 24:38 | Masterboy · wall_segment Stone Wall x10 |
| 25:04 | 富兰克林 · first_market_sell 100 food |
| 25:05 | Izuru Alexandros RÆ · first_building Barracks |
| 25:25 | Izuru Alexandros RÆ · first_market_buy 100 food |
| 26:07 | Izuru Alexandros RÆ · tribute_sent a jugador 2 |
| 26:07 | Izuru Alexandros RÆ · tribute_sent a jugador 3 |
| 26:07 | Izuru Alexandros RÆ · tribute_sent a jugador 4 |
| 26:07 | Izuru Alexandros RÆ · tribute_sent a jugador 5 |
| 26:07 | Izuru Alexandros RÆ · tribute_sent a jugador 6 |
| 26:16 | Dexma · first_building Archery Range |
| 26:23 | Masterboy · first_market_buy 100 wood |
| 26:42 | Wimac · first_building Barracks |
| 26:55 | 富兰克林 · first_building Monastery |
| 27:39 | Wimac · first_building Stable |
| 28:23 | 富兰克林 · first_building Barracks |
| 30:24 | 富兰克林 · first_building Archery Range |
| 30:38 | 富兰克林 · age_up imperial |
| 30:50 | Ux' Krupjm · first_building Barracks |
| 31:58 | Ux' Krupjm · first_building Archery Range |
| 31:59 | Wimac · first_market_buy 100 stone |
| 35:37 | Masterboy · first_building Castle |
| 36:01 | Izuru Alexandros RÆ · tribute_sent a jugador 2 |
| 36:01 | Izuru Alexandros RÆ · tribute_sent a jugador 3 |
| 36:01 | Izuru Alexandros RÆ · tribute_sent a jugador 4 |
| 36:01 | Izuru Alexandros RÆ · tribute_sent a jugador 5 |
| 36:01 | Izuru Alexandros RÆ · tribute_sent a jugador 6 |
| 36:15 | Dexma · first_market_sell 100 wood |
| 36:34 | Ux' Krupjm · first_building Monastery |
| 37:54 | Izuru Alexandros RÆ · age_up imperial |
| 40:22 | Masterboy · age_up imperial |
| 40:47 | Ux' Krupjm · age_up imperial |
| 41:44 | Izuru Alexandros RÆ · tribute_sent a jugador 2 |
| 41:44 | Izuru Alexandros RÆ · tribute_sent a jugador 3 |
| 41:44 | Izuru Alexandros RÆ · tribute_sent a jugador 4 |
| 41:44 | Izuru Alexandros RÆ · tribute_sent a jugador 5 |
| 41:44 | Izuru Alexandros RÆ · tribute_sent a jugador 6 |
| 42:04 | Masterboy · first_market_sell 100 wood |
| 43:30 | Masterboy · first_building Archery Range |
| 45:20 | 富兰克林 · resign |
[ ANÁLISIS IA · 1 CRÉDITO ]
¿Qué pasó realmente en esta partida?
Wolo.gg analiza cada decisión: build order, eco, micro, errores típicos por bracket. Análisis personalizado por WhatsApp o Discord en 30 segundos.
Guía civ
Vikingos
Perfil
Ux' Krupjm